 Dungeon Sprint DCSS version 0.27.1-3-gb3d3a73c9e (webtiles) character file.

Game seed: 829473777127191005

426 raph the Carver (level 6, -9/62 HPs)
             Began as a Minotaur Berserker on Oct 17, 2021.
             Was a Believer of Trog.
             Mangled by Sonja (14 damage)
             ... in the Dungeon (Sprint I: "Red Sonja").
             The game lasted 00:01:41 (686 turns).

raph the Carver (Minotaur Berserker)                 Turns: 686, Time: 00:01:41

Health: -9/62      AC:  4    Str: 21    XL:     6   Next: 64%
Magic:  5/5        EV: 14    Int:  4    God:    Trog [**....]
Gold:   185        SH:  0    Dex: 12    Spells: 5/5 levels left

rFire    . . .     SeeInvis .   a - +0 falchion
rCold    . . .     Faith    .   (no shield)
rNeg     . . .     Spirit   .   i - +0 leather armour
rPois    .         Reflect  .   (helmet restricted)
rElec    .         Harm     .   (no cloak)
rCorr    .         Rampage  .   (no gloves)
Will     ++...     NoTele   +   (no boots)
Stlth    +.........             (no amulet)
HPRegen  1.20/turn              (no ring)
MPRegen  0.09/turn              (no ring)

@: strong-willed, on berserk cooldown, regenerating, hasted and slowed
A: horns 2, retaliatory headbutt
a: Renounce Religion, Berserk, Trog's Hand


You were in the Dungeon.
You worshipped Trog.
Trog was pleased with you.
You visited 1 branch You collected 297 gold pieces.
You spent 112 gold pieces at shops.

Inventory:

Hand Weapons
 a - a +0 falchion (weapon)
Missiles
 j - 11 poisoned darts (quivered)
Armour
 b - a +0 animal skin
 i - a +0 leather armour (worn)
Scrolls
 h - a scroll of blinking
Potions
 c - a potion of curing
 d - 2 potions of heal wounds
 f - 2 potions of magic
 g - a potion of berserk rage
 k - a potion of flight


   Skills:
 + Level 8.5 Fighting
 * Level 11.3 Long Blades
 + Level 8.0 Armour
 + Level 7.3 Dodging


You had 5 spell levels left.
You didn't know any spells.
Your spell library was empty.

Dungeon Overview and Level Annotations

Branches:
Dungeon (1/1)

Altars:
Cheibriados
Dithmenos
Elyvilon
Fedhas
Gozag
Hepliaklqana
Kikubaaqudgha
Nemelex Xobeh
Okawaru
Qazlal
Ru
Sif Muna
Trog
Uskayaw
Vehumet
Wu Jian
Yredelemnul
Zin
The Shining One

Shops:
D !

Annotations:
D Sonja


Innate Abilities, Weirdness & Mutations

You have a pair of horns on your head.
You reflexively headbutt those who attack you in melee.


Message History

You feel yourself moving faster!
You feel mighty!
Sonja throws a curare-tipped dart.
The curare-tipped dart barely misses you.
You feel a strong urge to attack something.
You barely miss Sonja.
Sonja casts a spell.
Sonja blinks!
There is an open door here.
You feel a strong urge to attack something.
There is an open door, spattered with blood here.
You see here a yak corpse.
You feel your anger nearly subside.
You are no longer berserk.
You are exhausted.
You feel yourself slow down.
Sonja gestures wildly while chanting.
Sonja blinks!
Sonja casts a spell.
Sonja blinks!
Sonja hits you but does no damage. Space warps horribly around you!
Sonja hits you but does no damage. Space warps horribly around you!
Sonja closely misses you.
You feel yourself speed up. Sonja barely misses you.
You riposte.
You hit Sonja.
Sonja is lightly wounded.
Sonja hits you with a +2 dagger of distortion. x2
Space bends around you.
Sonja hits you with a +2 dagger of distortion!
Sonja hits you with a +2 dagger of distortion.
* * * LOW HITPOINT WARNING * * *
Space bends around you.
* * * LOW HITPOINT WARNING * * *
Sonja hits you with a +2 dagger of distortion.
* * * LOW HITPOINT WARNING * * *
Space bends around you.
* * * LOW HITPOINT WARNING * * *
You closely miss Sonja. Your headbutt misses Sonja.
Sonja is lightly wounded.
Sonja says, "If only old Madame Brzewit could see me now!"
Sonja closely misses you. Sonja hits you but does no damage.
Space warps horribly around you!
You die...

################
#<.#..)..#..'..#
#..').#..').#..+
#..#####'#####'#
#..####..#...#)#
#..#__####..##.#
#..#_____##'#_.+
#⌠⌠#_.∩@..†..._#
####_..K_##_.#'#
#_____###'#[#
####### #.###
$.$ $.$# ##.##
#+#


You could see Sonja.

Vanquished Creatures
  Sigmund (D)
  A yak (D)
  An ogre (D)
  A jelly (D)
  Ijyb (D)
5 creatures vanquished.

Notes
Turn   | Place    | Note
-------+----------+-------------------------------------------
     0 | D        | raph the Minotaur Berserker began the quest for the Orb.
     0 | D        | Reached XP level 1. HP: 19/19 MP: 0/0
     1 | D        | Noticed Ijyb
    12 | D        | Killed Ijyb
    13 | D        | Reached skill level 5 in Long Blades
    13 | D        | Reached XP level 2. HP: 20/28 MP: 1/1
   271 | D        | Noticed an ogre
   274 | D        | Killed an ogre
   275 | D        | Reached skill level 7 in Long Blades
   275 | D        | Reached skill level 5 in Armour
   275 | D        | Reached XP level 3. HP: 36/37 MP: 2/2
   275 | D        | Reached XP level 4. HP: 43/44 MP: 3/3
   373 | D        | Noticed Sigmund
   381 | D        | Killed Sigmund
   381 | D        | Reached ** piety under Trog
   382 | D        | Reached skill level 10 in Long Blades
   382 | D        | Reached XP level 5. HP: 52/52 MP: 4/4
   463 | D        | Found a shimmering blue altar of Sif Muna.
   464 | D        | Found an ornate altar of the Wu Jian Council.
   465 | D        | Found a radiant altar of Vehumet.
   469 | D        | Reached XP level 6. HP: 57/61 MP: 5/5
   511 | D        | Found Cyujuyg's Distillery.
   511 | D        | Found an ancient bone altar of Kikubaaqudgha.
   511 | D        | Found a stormy altar of Qazlal.
   511 | D        | Found a blossoming altar of Fedhas.
   511 | D        | Found a bloodstained altar of Trog.
   511 | D        | Found an iron altar of Okawaru.
   511 | D        | Found a glowing golden altar of the Shining One.
   511 | D        | Found a glowing silver altar of Zin.
   511 | D        | Found a white marble altar of Elyvilon.
   511 | D        | Noticed a yak
   515 | D        | Killed a yak
   516 | D        | Reached skill level 11 in Long Blades
   516 | D        | Found a hazy altar of Hepliaklqana.
   516 | D        | Found a hide-covered altar of Uskayaw.
   516 | D        | Found a basalt altar of Yredelemnul.
   516 | D        | Found an opulent altar of Gozag.
   516 | D        | Found a snail-covered altar of Cheibriados.
   516 | D        | Found a sacrificial altar of Ru.
   516 | D        | Found a shadowy altar of Dithmenos.
   660 | D        | Found a sparkling altar of Nemelex Xobeh.
   664 | D        | Bought a potion of heal wounds for 70 gold pieces
   664 | D        | Bought a potion of flight for 42 gold pieces
   675 | D        | Noticed Sonja
   686 | D        | Mangled by Sonja

Illustrated notes

Levels and vault maps discovered:
D:        dungeon_sprint_1 [red_sonja_temple_1, red_sonja_temple_small_1]

Skill      XL: |  1  2  3  4  5  6 |
---------------+-------------------+-----
Fighting       | 4 6 7 8 |  8.5
Long Blades    | 5 7 10 11 | 11.3
Armour         | 3 5 7 8 |  8.0
Dodging        | 3 4 6 7 |  7.3

Action                   |  1- 3 |  4- 6 || total
-------------------------+-------+-------++-------
Melee: Falchion          |    11 |    12 ||    23
       Headbutt          |       |     6 ||     6
Invok: Berserk           |     2 |     3 ||     5
       Trog's Hand       |       |     1 ||     1
  Use: Potion            |       |     1 ||     1
Armor: Animal skin       |     1 |       ||     1
       Leather armour    |       |     5 ||     5
Dodge: Dodged            |     1 |     8 ||     9
       Rpst.: Falchion   |     1 |     2 ||     3
